 Dungeon Crawl Stone Soup version 0.18.1-48-g4cf74bf (webtiles) character file.

30267 Snowbuddha the Unseen (level 13, -2/82 HPs)
             Began as a Kobold Assassin on Sept 8, 2016.
             Was a High Priest of Dithmenos.
             Slain by a death yak (21 damage)
             ... on level 3 of the Lair of Beasts.
             The game lasted 01:42:37 (20938 turns).

Snowbuddha the Unseen (Kobold Assassin)            Turns: 20938, Time: 01:42:37

Health: -2/82      AC: 11    Str: 13    XL:     13   Next: 87%
Magic:  0/13       EV: 25    Int:  9    God:    Dithmenos [*****.]
Gold:   819        SH:  9    Dex: 22    Spells: 0 memorised, 12 levels left

rFire  . . .     SeeInvis .     a - +5 dagger (elec)
rCold  + . .     Gourm    .     i - +6 leather armour "Uraring" {rC+}
rNeg   . . .     Faith    .     m - +1 buckler
rPois  .         Spirit   +     D - +0 hat
rElec  +         Dismiss  .     d - +0 cloak
rCorr  .         Reflect  .     v - +0 pair of gloves {archery}
SustAt .         Harm     .     (no boots)
MR     +....                    r - amulet of guardian spirit
Stlth  ++++++++++               Z - ring of protection from magic
                                B - +3 ring of strength

@: about to teleport, wreathed by umbra, somewhat resistant to hostile
enchantments, uncannily stealthy
A: carnivore 3, electricity resistance, sturdy frame 1
a: Shadow Step, Shadow Form, Renounce Religion


You were on level 3 of the Lair of Beasts.
You worshipped Dithmenos.
Dithmenos was extremely pleased with you.
You were not hungry.

You visited 3 branches of the dungeon, and saw 16 of its levels.

You collected 1084 gold pieces.
You spent 265 gold pieces at shops.

Inventory:

Hand Weapons
 a - a +5 dagger of electrocution (weapon)
 b - a +1 blowgun
 Q - a +3 dagger
Missiles
 e - 73 poisoned needles
 f - 3 curare-tipped needles
 O - 2 throwing nets (quivered)
 P - 2 needles of confusion
Armour
 d - a +0 cloak (worn)
 i - the +6 leather armour "Uraring" (worn) {rC+}
   (You found it on level 3 of the Lair of Beasts)

   It protects you from cold.
 m - a +1 buckler (worn)
 v - a +0 pair of gloves of archery (worn)
 x - a +2 robe of magic resistance
 D - a +0 hat (worn)
 X - a troll hide
 Y - a +4 ring mail of poison resistance
Jewellery
 c - an uncursed ring of protection from fire
 n - a +5 ring of strength
 r - an amulet of guardian spirit (around neck)
 B - a +3 ring of strength (left hand)
 H - an uncursed ring of resist corrosion
 L - an uncursed ring of see invisible
 U - an uncursed ring of flight
 Z - a ring of protection from magic (right hand)
Wands
 y - a wand of disintegration (14/24)
 C - a wand of iceblast (7/15)
 J - a wand of confusion (16/48)
 K - a wand of paralysis (8/24)
Scrolls
 h - 8 scrolls of remove curse
 j - 4 scrolls of identify
 k - a scroll of blinking
 o - a scroll of holy word
 u - a scroll of magic mapping
 G - a scroll of recharging
Potions
 l - 2 potions of flight
 w - a potion of magic
 z - a potion of might
 I - a potion of brilliance
Comestibles
 g - 4 meat rations
 q - a slice of pizza
 s - 4 beef jerkies
 S - 8 royal jellies


   Skills:
 - Level 10.2 Fighting
 - Level 10.0 Short Blades
 - Level 5.3 Throwing
 - Level 0.4 Armour
 + Level 10.5 Dodging
 + Level 19.4 Stealth
 - Level 7.1 Shields


You had 12 spell levels left.
You didn't know any spells.

Dungeon Overview and Level Annotations

Branches:
Dungeon (12/15)            Temple (1/1) D:5            Lair (3/8) D:10
  Swamp (0/4) Lair:3          Orc (0/2) D:10
  Snake: Lair:3-6    Spider: Lair:3-6

Altars:
Ashenzari
Cheibriados
Dithmenos
Elyvilon
Fedhas
Gozag
Kikubaaqudgha
Makhleb
Nemelex Xobeh
Okawaru
Pakellas
Qazlal
Ru
Sif Muna
Trog
Vehumet
Xom
Yredelemnul
Zin
The Shining One

Shops:
D:4 ?   D:5 (   D:6 (   D:7 *   D:9 (

Annotations:
D:4 Sandemic's ghost, amateur HOBe
D:12 Frances


Innate Abilities, Weirdness & Mutations

You are small and have problems with some larger weapons.
You are carnivorous and can eat meat at any time.
You are resistant to electric shocks.
Your movements are slightly less encumbered by armour (ER -2).


Message History

The death yak is severely wounded.
Your shadow hits the death yak but does no damage.
The death yak barely misses you. The death yak gores you!
You hit the death yak.
The death yak is severely wounded.
You hit the death yak.
There is a sudden explosion of sparks!
The death yak is almost dead.
You block the death yak's attack. The death yak gores you!
You hit the death yak but do no damage.
The death yak is almost dead.
You hit the death yak but do no damage.
The death yak is almost dead.
The death yak barely misses you. The death yak gores you!!
* * * LOW HITPOINT WARNING * * *
You hit the death yak.
The death yak is almost dead.
Read which item? (? for menu, Esc to quit)
As you read the scroll of teleportation, it crumbles to dust.
You feel strangely unstable. The death yak gores you!!
You die...

# # ##### ### ..#.###.## ####
.........# ###..#
.........##### #.#.###
............P### #.....##
...............######......#
..........###.†Y@.#........#
...........#####Y.>........##
...........# ###..[.....(.#
...........## ##..........#
............# ##...........#
............####............#
.............#....#.#.......#
............##....####.....##
.................## ##.#.##


You could see 2 death yaks.

Vanquished Creatures
  Gastronok (Lair:1)
  A hydra (Lair:3)
  Harold (D:12)
  2 catoblepae (Lair:3)
  4 death yaks (Lair:3)
  Nergalle (Lair:2)
  2 unseen horrors (D:10)
  3 hill giants
  2 ugly things (D:11)
  4 elephants
  2 black mambas (Lair:3)
  5 spiny frogs
  A komodo dragon (Lair:3)
  A queen bee (D:8)
  2 trolls
  Prince Ribbit (D:8)
  A wyvern (D:8)
  14 yaks
  A hungry ghost (D:8)
  A steam dragon (D:11)
  2 hippogriffs
  The ghost of Tagedieb the Sneak, an amateur OpAs (D:3)
  A mottled dragon (D:12)
  5 swamp worms
  9 water moccasins
  5 porcupines
  9 orc warriors
  5 sky beasts
  4 phantoms
  4 black bears
  4 ice beasts
  6 ogres
  13 centaurs
  7 wolves
  A necrophage (D:6)
  2 crocodiles
  2 big kobolds (D:8)
  6 giant frogs
  A wyvern zombie (D:8)
  A gnoll sergeant (D:5)
  A wyvern skeleton (D:10)
  5 scorpions
  18 killer bees
  17 wights
  19 howler monkeys
  3 electric eels
  A wasp zombie (D:12)
  6 crimson imps
  2 giant frog zombies
  A quasit (D:8)
  10 orc priests
  5 hounds
  2 jellies
  17 orc wizards
  A giant frog skeleton (D:8)
  9 iguanas
  8 worker ants
  7 sheep (Lair:1)
  A hound zombie (D:6)
  3 worker ant zombies
  A howler monkey skeleton (D:6)
  16 gnolls
  15 river rats (Lair:1)
  18 adders
  2 shadow imps
  An adder zombie (D:9)
  A worm (D:2)
  2 dart slugs (D:3)
  5 giant geckos
  71 orcs
  6 giant cockroaches
  6 goblins
  11 hobgoblins
  6 jackals
  4 quokkas
  12 bats
  4 giant newts
  20 kobolds
  A quokka skeleton (D:6)
  12 rats
  A butterfly (Lair:3)
  2 fungi
  2 plants
493 creatures vanquished.

Vanquished Creatures (others)
  An iguana (D:11)
  3 fungi
  2 plants (Lair:3)
6 creatures vanquished.

Grand Total: 499 creatures vanquished

Notes
Turn   | Place    | Note
--------------------------------------------------------------
     0 | D:1      | Snowbuddha the Kobold Assassin began the quest for the Orb.
     0 | D:1      | Reached XP level 1. HP: 12/12 MP: 1/1
   364 | D:1      | Reached XP level 2. HP: 18/18 MP: 2/2
   547 | D:1      | Reached skill level 6 in Stealth
   639 | D:1      | Reached XP level 3. HP: 22/22 MP: 3/3
   936 | D:2      | You fall through a shaft for 2 floors!
   936 | D:4      | Found Eniboe Azoh's Magic Scroll Shoppe.
   983 | D:4      | Noticed Sandemic's ghost (amateur HOBe)
  1127 | D:3      | Reached XP level 4. HP: 26/27 MP: 4/4
  1459 | D:2      | Reached skill level 7 in Stealth
  1667 | D:3      | Noticed Tagedieb's ghost (amateur OpAs)
  1676 | D:3      | Killed Tagedieb's ghost
  1676 | D:3      | Reached skill level 8 in Stealth
  1676 | D:3      | Reached XP level 5. HP: 31/32 MP: 5/5
  1676 | D:3      | Reached XP level 6. HP: 34/36 MP: 6/6
  1838 | D:3      | Reached skill level 9 in Stealth
  3219 | D:3      | Reached XP level 7. HP: 40/40 MP: 7/7
  3220 | D:3      | Found a bloodstained altar of Trog.
  3350 | D:3      | Found a stormy altar of Qazlal.
  3678 | D:3      | HP: 2/41 [orc priest/divine providence (9)]
  3686 | D:3      | Reached skill level 10 in Stealth
  4167 | D:4      | Reached skill level 5 in Short Blades
  4952 | D:5      | Entered Level 5 of the Dungeon
  5018 | D:4      | HP: 1/41 [poisoned by a gnoll]
  5577 | D:5      | Reached skill level 11 in Stealth
  5577 | D:5      | Reached XP level 8. HP: 46/46 MP: 8/8
  5947 | D:5      | Found Wageajo's Weapon Boutique.
  5955 | D:5      | Found a staircase to the Ecumenical Temple.
  5964 | Temple   | Entered the Ecumenical Temple
  6050 | Temple   | Became a worshipper of Dithmenos the Shadowed
  6109 | D:5      | Found a burning altar of Makhleb.
  6109 | D:5      | Noticed an Executioner
  6112 | D:5      | Noticed a smoke demon
  6112 | D:5      | Noticed a smoke demon
  6536 | D:5      | Found a white marble altar of Elyvilon.
  6779 | D:6      | Reached skill level 12 in Stealth
  6830 | D:6      | Reached XP level 9. HP: 53/53 MP: 9/9
  6960 | D:6      | Reached skill level 5 in Fighting
  7150 | D:6      | Found Iczuolun's Weapon Emporium.
  7453 | D:6      | Reached * piety under Dithmenos
  7781 | D:6      | Reached skill level 13 in Stealth
  8140 | D:7      | Found Misyavatt's General Store.
  8305 | D:7      | Bought a +2 robe of magic resistance for 265 gold pieces
  8413 | D:7      | Found a shattered altar of Ashenzari.
  8535 | D:7      | Paralysed by a centaur for 6 turns
  8616 | D:7      | Reached skill level 14 in Stealth
  8820 | D:7      | Found a blossoming altar of Fedhas.
  8868 | D:7      | Reached XP level 10. HP: 58/58 MP: 10/10
  9212 | D:8      | Reached ** piety under Dithmenos
  9292 | D:8      | Reached skill level 15 in Stealth
  9613 | D:8      | Noticed Prince Ribbit
  9653 | D:8      | Killed Prince Ribbit
  9725 | D:8      | Reached skill level 16 in Stealth
  9739 | D:8      | Reached *** piety under Dithmenos
  9895 | D:8      | Reached XP level 11. HP: 65/65 MP: 11/11
  9901 | D:8      | Reached skill level 17 in Stealth
 10611 | D:9      | Reached skill level 10 in Short Blades
 10744 | D:9      | Reached skill level 1 in Shields
 10864 | D:9      | Reached **** piety under Dithmenos
 11042 | D:9      | Found a deep blue altar of Sif Muna.
 11062 | D:9      | Identified Sif Muna's Papyrus of the Entourage
 11100 | D:9      | Found an ancient bone altar of Kikubaaqudgha.
 11110 | D:9      | Found a radiant altar of Vehumet.
 11238 | D:9      | Found Buatin's Antique Weapon Shoppe.
 11248 | D:10     | Entered Level 10 of the Dungeon
 11347 | D:10     | Found a staircase to the Lair.
 11451 | D:10     | Found a shattered altar of Ashenzari.
 11464 | D:10     | Noticed an unseen horror
 11487 | D:10     | Killed an unseen horror
 11926 | D:10     | Reached skill level 5 in Dodging
 12037 | D:10     | Found a bloodstained altar of Trog.
 12111 | D:10     | Found a staircase to the Orcish Mines.
 12651 | D:11     | Reached ***** piety under Dithmenos
 12762 | D:11     | Noticed a red ugly thing
 12815 | D:11     | Killed a red ugly thing
 13071 | D:11     | Found an oddly glowing altar of Pakellas.
 13771 | D:11     | Noticed a brown ugly thing
 13786 | D:11     | Killed a brown ugly thing
 13899 | D:11     | Found a shadowy altar of Dithmenos.
 13953 | D:11     | Reached skill level 5 in Shields
 13964 | D:11     | Reached XP level 12. HP: 70/70 MP: 12/12
 14390 | D:11     | Found an iron altar of Okawaru.
 14563 | D:12     | Noticed Frances
 14575 | D:12     | Noticed Harold
 15031 | D:12     | Killed Harold
 16033 | D:10     | Noticed an unseen horror
 16046 | D:10     | Killed an unseen horror
 16285 | Lair:1   | Entered Level 1 of the Lair of Beasts
 16410 | Lair:1   | Noticed Gastronok
 16504 | Lair:1   | Killed Gastronok
 16504 | Lair:1   | Reached skill level 10 in Dodging
 17514 | Lair:1   | Reached skill level 5 in Throwing
 17515 | Lair:1   | Reached XP level 13. HP: 78/78 MP: 13/13
 18170 | Lair:2   | Noticed Nergalle
 18177 | Lair:2   | Killed Nergalle
 18232 | Lair:2   | Gained mutation: You possess an exceptional clarity of mind. [potion of beneficial mutation]
 18233 | Lair:2   | Gained mutation: Your movements are slightly less encumbered by armour (ER -2). [potion of mutation]
 18233 | Lair:2   | Gained mutation: You are resistant to electric shocks. [potion of mutation]
 18699 | Lair:2   | Reached skill level 10 in Fighting
 19127 | Lair:3   | Noticed an eight-headed hydra
 19133 | Lair:3   | Killed an eight-headed hydra
 19134 | Lair:3   | Noticed a catoblepas
 19141 | Lair:3   | Killed a catoblepas
 19152 | Lair:3   | Reached skill level 18 in Stealth
 19253 | Lair:3   | Noticed a catoblepas
 19260 | Lair:3   | Killed a catoblepas
 19339 | Lair:3   | Gained mutation: You have a pair of small horns on your head. [potion of mutation]
 19339 | Lair:3   | Gained mutation: You occasionally shout uncontrollably at your foes. [potion of mutation]
 19339 | Lair:3   | Gained mutation: You are weak. (Str -2) [potion of mutation]
 19340 | Lair:3   | Lost mutation: You have a pair of small horns on your head. [potion of cure mutation]
 19340 | Lair:3   | Lost mutation: You are weak. (Str -2) [potion of cure mutation]
 19340 | Lair:3   | Lost mutation: You occasionally shout uncontrollably at your foes. [potion of cure mutation]
 19340 | Lair:3   | Lost mutation: You possess an exceptional clarity of mind. [potion of cure mutation]
 19811 | Lair:3   | Found a staircase to the Swamp.
 20216 | Lair:3   | Got a heavily runed leather armour
 20217 | Lair:3   | Identified the +6 leather armour "Uraring" {rC+} (You found it on level 3 of the Lair of Beasts)
 20874 | Lair:3   | Reached skill level 19 in Stealth
 20938 | Lair:3   | Slain by a death yak

Skill      XL: |  1  2  3  4  5  6  7  8  9 10 11 12 13 |
---------------+----------------------------------------+-----
Stealth        | 6 8 9 11 12 14 16 17 19 | 19.4
Short Blades   | 3 4 5 7 8 9 10 | 10.0
Fighting       | 3 4 6 7 10 | 10.2
Dodging        | 7 10 | 10.5
Shields        | 5 7 |  7.1
Throwing       | 3 5 |  5.3
Armour         | |  0.4

Action                   |  1- 3 |  4- 6 |  7- 9 | 10-12 | 13-15 || total
-------------------------+-------+-------+-------+-------+-------++-------
Melee: Dagger            |    77 |    97 |   232 |   885 |   293 ||  1584
 Fire: Blowgun           |     2 |     9 |    39 |    33 |       ||    83
Throw: Throwing net      |       |       |     1 |     5 |       ||     6
  Use: Scroll            |     7 |     2 |     5 |    15 |     6 ||    35
       Potion            |       |     1 |     4 |     8 |    15 ||    28
 Stab: Sleeping          |    11 |    11 |    22 |    86 |    24 ||   154
       Distracted        |       |     2 |     2 |     7 |     3 ||    14
       Fleeing           |       |       |     1 |       |       ||     1
       Invisible         |       |       |       |       |     1 ||     1
  Eat: Chunk             |     9 |     2 |    22 |    27 |     4 ||    64
       Beef jerky        |       |       |       |       |     1 ||     1
Armor: Robe              |     9 |       |    13 |    58 |     5 ||    85
       Leather armour    |    11 |    10 |     8 |       |     3 ||    32
       Ring mail         |       |       |       |    11 |       ||    11
Dodge: Dodged            |    46 |    22 |    97 |   341 |   172 ||   678
Block: Buckler           |    11 |    13 |    40 |   191 |    67 ||   322
